 Dungeon Crawl Stone Soup version 0.25-a0-346-g140ab784a8 (webtiles) character file.

Game seed: 5250909480720157227, levelgen mode: deterministic

89254 PentaManta the Fighter (level 15, -14/88 HPs)
             Began as a Vine Stalker Assassin on Jan 1, 2020.
             Was the Champion of Elyvilon.
             Demolished by Ynegoov's ghost (26 damage)
             ... on level 2 of the Lair of Beasts.
             The game lasted 01:45:29 (23346 turns).

PentaManta the Fighter (Vine Stalker Assassin)     Turns: 23346, Time: 01:45:30

Health: -14/88     AC: 25    Str: 22    XL:     15   Next: 96%
Magic:  0/33       EV: 33    Int: 15    God:    Elyvilon [******]
Gold:   1723       SH:  0    Dex: 21    Spells: 14/14 levels left

rFire    . . .     SeeInvis .   p - +6 rapier of the Shallot {flame, +Rage rC+ MP+9}
rCold    + + .     Gourm    .   (no shield)
rNeg     . . .     Faith    .   r - +7 scale mail of the Yeti {rPois rC+ rCorr}
rPois    +         Spirit   +   m - +0 helmet
rElec    .         Reflect  .   i - +2 cloak {MR+}
rCorr    +         Harm     .   b - +1 pair of gloves {archery}
MR       +++..                  q - +2 pair of boots {Fly}
Stlth    +++.......             u - amulet "Qefyus" {Acrobat Str+4 Int+4 Dex+3}
HPRegen  1.04/turn              z - +1 ring of evasion
MPRegen  0.23/turn              R - ring of protection from magic

@: acrobat, flying, starving
A: fangs 3, regeneration 2, magic shield, antimagic bite, no potion heal 3, rot
immunity
a: Lesser Healing, Heal Other, Purification, Greater Healing, Divine Vigour,
Divine Protection, Renounce Religion, Evoke Berserk Rage, Stop Flying


You were on level 2 of the Lair of Beasts.
You worshipped Elyvilon.
Elyvilon was exalted by your worship.
You were starving.

You visited 3 branches of the dungeon, and saw 22 of its levels.
You also visited: Sewer and Gauntlet.

You collected 1723 gold pieces.

Inventory:

Hand Weapons
 d - a +2 rapier of venom
 p - the +6 rapier of the Shallot (weapon) {flame, +Rage rC+ MP+9}
   (You took it off a minotaur in a Gauntlet)

   It has been specially enchanted to burn those struck by it, causing extra
   injury to most foes and up to half again as much damage against particularly
   susceptible opponents.
   It protects you from cold.
   It affects your magic capacity (+9).
   It lets you go berserk.
 G - the +12 falchion of Caad {slice, Int+4}
   (You found it on level 6 of the Dungeon)

   It inflicts extra damage upon your enemies.
   It affects your intelligence (+4).
 W - a +6 dagger
 X - a +2 scimitar of flaming
Missiles
 M - 15 curare-tipped darts (quivered)
 P - 13 atropa-tipped darts
 Q - 18 silver javelins
 Z - 10 javelins
Armour
 a - quicksilver dragon scales
 b - a +1 pair of gloves of archery (worn)
 e - a scarf of cloud immunity
 i - a +2 cloak of magic resistance (worn)
 m - a +0 helmet (worn)
 q - a +2 pair of boots of flying (worn)
 r - the +7 scale mail of the Yeti (worn) {rPois rC+ rCorr}
   (You took it off a minotaur in a Gauntlet)

   It protects you from cold.
   It protects you from poison.
   It provides partial protection from all sources of acid and corrosion.
 s - a +0 buckler
 y - the +3 leather armour "Vihyotoso" {rN+ Int+4}
   (You found it on level 2 of the Lair of Beasts)

   It affects your intelligence (+4).
   It protects you from negative energy.
 L - a +0 scale mail of cold resistance
 S - a +0 ring mail of fire resistance
Jewellery
 h - an uncursed ring of ice
 u - the amulet "Qefyus" (around neck) {Acrobat Str+4 Int+4 Dex+3}
   (You found it in a Gauntlet)

   [amulet of the acrobat]

   It helps you evade while moving and waiting.
   It affects your strength (+4).
   It affects your intelligence (+4).
   It affects your dexterity (+3).
 z - a +1 ring of evasion (left hand)
 B - an uncursed ring of ice
 K - an uncursed ring of fire
 R - a ring of protection from magic (right hand)
Wands
 I - a wand of acid (9)
 T - a wand of polymorph (6)
 V - a wand of digging (14)
 Y - a wand of scattershot (5)
Scrolls
 g - 6 scrolls of identify
 j - 3 scrolls of enchant armour
 k - 2 scrolls of amnesia
 n - 10 scrolls of remove curse
 t - 3 scrolls of fog
 v - 11 scrolls of teleportation
 J - a scroll of enchant weapon
 U - a scroll of summoning
Potions
 c - 2 potions of lignification
 l - 4 potions of might
 o - 7 potions of curing
 w - a potion of magic
 x - 7 potions of agility
 A - 3 potions of berserk rage
 C - 3 potions of cancellation
 D - a potion of resistance
 F - a potion of brilliance
 H - 4 potions of haste
 O - 2 potions of ambrosia
Miscellaneous
 E - a phantom mirror
Comestibles
 f - 51 rations


   Skills:
 + Level 14.3 Fighting
 - Level 10.2(11.4) Short Blades
 - Level 8.4(10.6) Long Blades
 - Level 1.7 Throwing
 + Level 7.8 Armour
 + Level 9.3 Dodging
 - Level 7.1 Stealth
 + Level 11.3 Invocations


You had 14 spell levels left.
You didn't know any spells.
Your spell library contained the following spells:

 Spells                   Type           Power        Failure   Level  Hunger
 Apportation              Tloc           #.....       54%         1    ##.....
 Beastly Appendage        Tmut           #.....       54%         1    ##.....
 Confusing Touch          Hex            #.....       54%         1    ##.....
 Corona                   Hex            #......      54%         1    ##.....
 Infusion                 Chrm           #...         54%         1    ##.....
 Magic Dart               Conj           #...         54%         1    ##.....
 Blink                    Tloc           N/A          67%         2    ###....
 Call Imp                 Summ           #.......     67%         2    ###....
 Ensorcelled Hibernation  Hex/Ice        #.....       67%         2    ###....
 Poisonous Vapours        Pois/Air       #.....       67%         2    ###....
 Shroud of Golubria       Chrm/Tloc      #.....       67%         2    ###....
 Slow                     Hex            #.......     67%         2    ###....
 Song of Slaying          Chrm           #.......     67%         2    ###....
 Sticks to Snakes         Tmut           #.......     67%         2    ###....
 Confuse                  Hex            #.......     88%         3    ####...
 Conjure Flame            Conj/Fire      #.......     88%         3    ####...
 Dazzling Flash           Conj/Hex       #.....       88%         3    ####...
 Gell's Gravitas          Tloc           #.........   88%         3    ####...
 Lesser Beckoning         Tloc           #.........   88%         3    ####...
 Mephitic Cloud           Conj/Pois/Air  #.......     88%         3    ####...
 Regeneration             Chrm/Necr      #.........   88%         3    ####...
 Spectral Weapon          Hex/Chrm       #.......     88%         3    ####...
 Spider Form              Tmut/Pois      #.........   88%         3    ####...
 Teleport Other           Tloc           #.......     88%         3    ####...
 Tukima's Dance           Hex            #.......     88%         3    ####...
 Ice Form                 Ice/Tmut       #.......     99%         4    #####..
 Petrify                  Tmut/Erth      #.......     99%         4    #####..
 Summon Lightning Spire   Summ/Air       #.......     99%         4    #####..
 Blade Hands              Tmut           #.........   100%        5    ######.
 Borgnjor's Vile Clutch   Necr/Erth      #.........   100%        5    ######.
 Metabolic Englaciation   Hex/Ice        #.........   100%        5    ######.
 Silence                  Hex/Air        #.........   100%        5    ######.
 Yara's Violent Unravell  Hex/Tmut       #.........   100%        5    ######.
 Conjure Ball Lightning   Conj/Air       #.........   100%        6    #######
 Darkness                 Hex            #.........   100%        6    #######
 Freezing Cloud           Conj/Ice/Air   #.........   100%        6    #######
 Ozocubu's Refrigeration  Ice            #.........   100%        6    #######
 Shadow Creatures         Summ           N/A          100%        6    #######
 Simulacrum               Ice/Necr       #.........   100%        6    #######


Dungeon Overview and Level Annotations

Branches:
Dungeon (15/15)            Temple (1/1) D:4            Lair (6/6) D:9
 Shoals (0/4) Lair:3        Snake (0/4) Lair:4        Slime (0/5) Lair:5
    Orc (0/2) D:11         Vaults (0/5) D:13          Sewer (visited)
Gauntlet (visited)
 Depths: D:15

Altars:
Ashenzari
Cheibriados
Dithmenos
Elyvilon
Fedhas
Gozag
Hepliaklqana
Kikubaaqudgha
Makhleb
Nemelex Xobeh
Okawaru
Qazlal
Ru
Sif Muna
Trog
Uskayaw
Vehumet
Wu Jian
Xom
Yredelemnul
Zin
The Shining One
Jiyva

Shops:
D:4 !   D:12 %[

Annotations:
D:8 Gastronok
Lair:2 Ynegoov's ghost, journeyman TrTm
Lair:3 Avodethru's ghost, journeyman DEWz; Ihumuem's ghost, journeyman DECj; Yroovet's ghost, journeyman TrFi


Innate Abilities, Weirdness & Mutations

You have razor-sharp teeth.
You heal very quickly.
When hurt, damage is shared between your health and your magic reserves.
Your bite disrupts and absorbs the magic of your enemies.
Potions cannot restore your health.
You are immune to rotting.


Message History

You hit Ynegoov's ghost but do no damage.
You bite Ynegoov's ghost.
Ynegoov's ghost's magic leaks into the air.
You drain its magic.
You feel invigorated.
Ynegoov's ghost is almost destroyed.
You puncture Ynegoov's ghost! You burn Ynegoov's ghost.
Ynegoov's ghost is almost destroyed.
Ynegoov's ghost hits you!!
* * * LOW HITPOINT WARNING * * *
You hit Ynegoov's ghost. You burn Ynegoov's ghost.
Your bite misses Ynegoov's ghost.
Ynegoov's ghost is almost destroyed.
You are healed.
You are starving!
Ynegoov's ghost hits you!!!
* * * LOW HITPOINT WARNING * * *
You drop a small iron ring.
Ynegoov's ghost hits you!
* * * LOW HITPOINT WARNING * * *
Ynegoov's ghost hits you!!
You die...

..P# ##...........#....# ...##
#....P.#........... ....#
##..#.............. ...##
##.................. ...#
#P.................. ...#
##.................. ####
#................... #
#...>...............
##..@W............... ##
###..........#......... .########
#..........##..........
.....#..###.....#######....^.....
..............#..# ##.........
......#P..#P.....## #.........
.....######....P#.## #####.....
.......###...#...#.# ##.....
........##........## ###....#.


You could see Ynegoov's ghost.

Vanquished Creatures
  Rupert (Lair:6)
  Kirke (D:13)
  The ghost of Tarias the Grappler, a journeyman TrBe of Trog (Lair:5)
  Nessos (Lair:4)
  The ghost of BritishOli the Fencer, a journeyman DsGl of Okawaru (Lair:5)
  A minotaur (Gauntlet)
  Snorg (D:11)
  2 vault guards (D:13)
  Fannar (Lair:1)
  6 hydras
  Harold (D:8)
  2 catoblepae
  An anaconda (shapeshifter) (Gauntlet)
  Erica (D:11)
  2 death yaks (Lair:4)
  A two-headed ogre (D:11)
  2 centaur warriors (D:13)
  Urug (Lair:1)
  A death drake (shapeshifter) (Gauntlet)
  Pikel (D:4)
  A necromancer (D:13)
  3 wizards (D:13)
  A deep elf mage (D:12)
  2 oklob plants (Lair:6)
  20 ugly things
  A wolf spider zombie (D:13)
  A cyclops (D:12)
  2 manticores
  A moth of wrath (shapeshifter) (Gauntlet)
  Joseph (D:10)
  6 black mambas
  Psyche (D:8)
  2 gargoyles
  A spiny frog (shapeshifter) (Gauntlet)
  A torpor snail (Lair:4)
  8 spiny frogs
  5 komodo dragons
  9 rime drakes
  An efreet (D:13)
  4 trolls
  2 polar bears (Lair:6)
  3 meliai (D:13)
  6 hornets
  27 blink frogs
  A blink frog (shapeshifter) (Gauntlet)
  13 hippogriffs
  2 raiju (Gauntlet)
  15 dream sheep
  Prince Ribbit (D:8)
  7 slime creatures
  3 shadows
  Sigmund (D:2)
  13 spriggans (Lair:6)
  11 wyverns
  37 yaks
  A wraith (D:14)
  18 humans (D:13)
  4 basilisks
  A vampire (D:8)
  A steam dragon (D:9)
  2 hogs
  2 vampire mosquitoes (D:13)
  4 nagas (Lair:4)
  A warg (D:10)
  A soldier ant (D:13)
  3 acid dragons
  7 porcupines
  2 hell hounds (Lair:6)
  9 water moccasins
  3 sky beasts
  3 slaves (D:4)
  4 orc warriors
  7 black bears
  An eye of draining (shapeshifter) (Gauntlet)
  4 phantoms
  An eye of draining (D:9)
  3 ice beasts
  8 ogres
  3 necrophages
  4 boggarts (Lair:6)
  13 centaurs
  22 wolves (Lair:6)
  16 crocodiles
  An elf zombie (D:11)
  A big kobold (D:14)
  16 bullfrogs
  2 elf skeletons (D:11)
  A water moccasin zombie (D:8)
  A wyvern skeleton (D:8)
  6 scorpions
  8 killer bees
  A troll skeleton (D:11)
  13 wights
  An electric eel (Lair:5)
  2 crimson imps
  9 howler monkeys
  5 centaur zombies
  4 bullfrog zombies
  2 human zombies (D:11)
  3 jellies (D:9)
  Crazy Yiuf (D:2)
  10 orc priests
  5 bullfrog skeletons
  6 hounds
  2 centaur skeletons
  A human skeleton (D:11)
  13 orc wizards
  9 worker ants
  Ijyb (D:5)
  A lightning spire (Gauntlet)
  9 iguanas
  Terence (D:2)
  A killer bee zombie (D:9)
  A hound skeleton (D:9)
  2 mummies (D:11)
  A worker ant zombie (D:8)
  5 gnolls
  A howler monkey zombie (D:9)
  13 adders
  2 shadow imps
  6 oozes
  5 worms
  7 leopard geckos
  32 orcs
  6 bats
  7 giant cockroaches
  7 goblins
  8 hobgoblins
  6 jackals
  7 quokkas
  3 ball pythons (Sewer)
  11 frilled lizards
  14 kobolds
  A leopard gecko skeleton (D:7)
  An orc zombie (D:11)
  10 rats
  A fungus (Lair:6)
683 creatures vanquished.

Vanquished Creatures (collateral kills)
  An electric eel (Lair:1)
1 creature vanquished.

Vanquished Creatures (others)
  4 humans
  A hound skeleton (D:4)
  An orc (D:4)
  A kobold (D:14)
  4 fungi
  2 plants (Lair:4)
13 creatures vanquished.

Grand Total: 697 creatures vanquished

Notes
Turn   | Place    | Note
-------+----------+-------------------------------------------
     0 | D:1      | PentaManta the Vine Stalker Assassin began the quest for
                  | the Orb.
     0 | D:1      | Reached XP level 1. HP: 11/11 MP: 2/2
    68 | D:1      | Reached skill level 5 in Stealth
    75 | D:1      | Reached skill level 2 in Fighting
   158 | D:1      | Reached XP level 2. HP: 11/15 MP: 3/3
   961 | D:2      | You fall into a shaft and drop 1 floor!
  1052 | D:3      | Reached XP level 3. HP: 13/19 MP: 4/4
  1331 | D:2      | Gained mutation: Your natural rate of healing is unusually
                  | fast. [Vine Stalker growth]
  1331 | D:2      | Reached XP level 4. HP: 9/23 MP: 5/5
  1501 | D:2      | Noticed Terence
  1519 | D:2      | Killed Terence
  1649 | D:2      | Noticed Sigmund
  1674 | D:2      | Killed Sigmund
  1674 | D:2      | Reached skill level 3 in Fighting
  1674 | D:2      | Reached XP level 5. HP: 28/28 MP: 6/6
  1674 | D:2      | Reached XP level 6. HP: 32/32 MP: 7/7
  1837 | D:2      | Found a runed translucent door.
  1838 | D:2      | Noticed Crazy Yiuf
  2246 | D:4      | Noticed a phantom
  2735 | D:4      | Reached skill level 4 in Fighting
  2735 | D:4      | Reached XP level 7. HP: 36/37 MP: 8/8
  2747 | D:4      | Found Diubb's Distillery.
  2878 | D:4      | Found a glowing drain.
  2882 | Sewer    | Entered a sewer
  3695 | D:4      | Found a staircase to the Ecumenical Temple.
  3788 | Temple   | Entered the Ecumenical Temple
  3794 | Temple   | Became a worshipper of Elyvilon the Healer
  4357 | D:4      | Reached skill level 5 in Fighting
  4357 | D:4      | Reached skill level 5 in Short Blades
  4602 | D:4      | Noticed Pikel
  4643 | D:4      | Killed Pikel
  4643 | D:4      | Reached skill level 6 in Fighting
  4643 | D:4      | Gained mutation: You have razor-sharp teeth. [Vine Stalker
                  | growth]
  4643 | D:4      | Reached XP level 8. HP: 28/44 MP: 9/9
  4797 | D:5      | Entered Level 5 of the Dungeon
  4975 | D:2      | Killed Crazy Yiuf
  5126 | D:5      | Noticed Ijyb
  5138 | D:5      | Killed Ijyb
  5273 | D:5      | Reached XP level 9. HP: 49/49 MP: 10/10
  5471 | D:5      | Reached skill level 7 in Fighting
  5575 | D:5      | Reached * piety under Elyvilon
  5672 | D:5      | Found a stormy altar of Qazlal.
  5885 | D:6      | You fall into a shaft and drop 2 floors!
  5894 | D:8      | Noticed Gastronok
  5911 | D:8      | Noticed a gargoyle
  6060 | D:6      | Got a polished falchion
  6061 | D:6      | Identified the +12 falchion of Caad {slice, Int+4} (You
                  | found it on level 6 of the Dungeon)
  6259 | D:6      | Reached ** piety under Elyvilon
  6582 | D:8      | Reached skill level 8 in Fighting
  7188 | D:8      | Noticed Psyche
  7199 | D:8      | Killed Psyche
  7353 | D:8      | Killed a gargoyle
  7353 | D:8      | Reached XP level 10. HP: 22/57 MP: 9/11
  7425 | D:8      | Reached skill level 9 in Fighting
  7566 | D:8      | Reached *** piety under Elyvilon
  8143 | D:8      | Noticed Harold
  8157 | D:8      | Noticed Prince Ribbit
  8176 | D:8      | Killed Harold
  8176 | D:8      | Reached skill level 10 in Fighting
  8176 | D:8      | Reached skill level 10 in Short Blades
  8184 | D:8      | Killed Prince Ribbit
  8381 | D:9      | Noticed a two-headed ogre
  8806 | D:9      | Reached **** piety under Elyvilon
  8807 | D:9      | Reached skill level 1 in Dodging
  8818 | D:9      | Reached skill level 1 in Invocations
  8858 | D:9      | Reached XP level 11. HP: 64/64 MP: 13/13
  8910 | D:9      | Reached skill level 1 in Armour
  8941 | D:9      | Found a staircase to the Lair.
  9154 | D:9      | Found a bloodstained altar of Trog.
  9375 | D:10     | Entered Level 10 of the Dungeon
 10014 | D:10     | HP: 2/64 [orc warrior/+0 halberd (7)]
 10249 | D:10     | Noticed Joseph
 10269 | D:10     | Killed Joseph
 10305 | D:10     | Reached skill level 11 in Fighting
 10393 | D:10     | Reached skill level 5 in Invocations
 11001 | D:11     | Found a basalt altar of Yredelemnul.
 11075 | D:11     | Got a pitted long sword
 11076 | D:11     | Identified the cursed +1 long sword of the Evil Eye {holy,
                  | Int+6} (You found it on level 11 of the Dungeon)
 11081 | D:11     | Noticed Snorg
 11130 | D:11     | HP: 1/65 [Snorg (8)]
 11384 | D:11     | Gained mutation: You heal very quickly. [Vine Stalker
                  | growth]
 11384 | D:11     | Reached XP level 12. HP: 60/70 MP: 17/17
 11404 | D:11     | Noticed a two-headed ogre
 11543 | D:11     | Killed a two-headed ogre
 11870 | D:11     | Reached skill level 1 in Long Blades
 11913 | D:11     | Reached ***** piety under Elyvilon
 11997 | D:11     | Noticed Erica
 12146 | D:11     | Killed Erica
 12223 | D:11     | Found a staircase to the Orcish Mines.
 12470 | D:11     | Killed Snorg
 12646 | D:12     | Found Iguos's Antique Armour Shop.
 12799 | D:12     | Found Degitwis's Food Boutique.
 12840 | D:12     | Reached skill level 12 in Fighting
 13440 | D:13     | Reached skill level 5 in Dodging
 13466 | D:13     | Reached XP level 13. HP: 35/75 MP: 14/19
 13498 | D:13     | Reached skill level 5 in Long Blades
 13498 | D:13     | Reached skill level 5 in Armour
 13589 | D:13     | Noticed a vault guard
 13614 | D:13     | Killed a vault guard
 13620 | D:13     | Noticed a vault guard
 13627 | D:13     | Identified the cursed +2 glaive "Demonbane" {freeze, MR+}
 13663 | D:13     | Killed a vault guard
 13694 | D:13     | Found a gate to the Vaults.
 14331 | D:14     | Noticed Kirke
 14404 | D:14     | Noticed a sphinx
 14414 | D:13     | Killed Kirke
 15009 | D:14     | Reached XP level 14. HP: 81/81 MP: 21/21
 15110 | D:15     | Entered Level 15 of the Dungeon
 15324 | D:14     | Got a polished battleaxe
 15325 | D:14     | Identified the +5 battleaxe of the Butterfly {flame, Dex+5}
                  | (You found it on level 14 of the Dungeon)
 15721 | Lair:1   | Entered Level 1 of the Lair of Beasts
 15721 | Lair:1   | Noticed Urug
 15733 | Lair:1   | Killed Urug
 15773 | Lair:1   | Noticed Fannar
 15806 | Lair:1   | Killed Fannar
 15945 | Lair:1   | Found a gate leading to a gauntlet.
 15955 | Gauntlet | Entered a Gauntlet
 15955 | Gauntlet | Found a transporter.
 15955 | Gauntlet | Found a transporter.
 15964 | Gauntlet | Found a transporter.
 15967 | Gauntlet | Found a transporter.
 15974 | Gauntlet | Found a runed translucent door.
 15977 | Gauntlet | Found a transporter.
 15979 | Gauntlet | Found a transporter.
 15987 | Gauntlet | Found a transporter.
 16003 | Gauntlet | Found a transporter.
 16020 | Gauntlet | Found a transporter.
 16021 | Gauntlet | Found a transporter.
 16029 | Gauntlet | Found a transporter.
 16033 | Gauntlet | Found a transporter.
 16510 | Gauntlet | Got a shimmering copper amulet
 16512 | Gauntlet | Identified the amulet "Qefyus" {Acrobat Str+4 Int+4 Dex+3}
                  | (You found it in a Gauntlet)
 16666 | Gauntlet | Identified the +6 rapier of the Shallot {flame, +Rage rC+
                  | MP+9}
 16666 | Gauntlet | Identified the +7 scale mail of the Yeti {rPois rC+ rCorr}
 16945 | Gauntlet | Identified the Compendium of Displaced Flight
 17636 | Lair:2   | Reached skill level 13 in Fighting
 18343 | Lair:2   | Got a jewelled leather armour
 18354 | Lair:2   | Identified the +3 leather armour "Vihyotoso" {rN+ Int+4}
                  | (You found it on level 2 of the Lair of Beasts)
 18473 | Lair:3   | Identified a scroll of acquirement
 18576 | Lair:3   | Found a runed translucent gate.
 18577 | Lair:3   | Found a runed translucent gate.
 18578 | Lair:3   | Found a runed translucent gate.
 18731 | Lair:3   | You are sucked into a shaft and drop 1 floor!
 18751 | Lair:4   | Found a staircase to the Snake Pit.
 19310 | Lair:4   | Noticed Nessos
 19337 | Lair:4   | Killed Nessos
 19593 | Lair:4   | Reached skill level 10 in Invocations
 19604 | Lair:4   | Got a smoking quarterstaff
 19605 | Lair:4   | Identified the +7 quarterstaff of False Accusations {pain,
                  | rC+ Int+3 Dex+2} (You found it on level 4 of the Lair of
                  | Beasts)
 19613 | Lair:4   | Reached XP level 15. HP: 86/86 MP: 22/23
 19735 | Lair:5   | Noticed BritishOli's ghost (journeyman DsGl)
 19743 | Lair:5   | Found a runed translucent door.
 19836 | Lair:5   | Killed BritishOli's ghost
 20160 | Lair:5   | Found a viscous altar of Jiyva.
 20160 | Lair:5   | Found a staircase to the Slime Pits.
 20175 | Lair:5   | Reached ****** piety under Elyvilon
 20550 | Lair:6   | Entered Level 6 of the Lair of Beasts
 20708 | Lair:6   | Noticed Tarias's ghost (journeyman TrBe)
 20719 | Lair:6   | Found a runed translucent gate.
 20719 | Lair:6   | Found a runed translucent gate.
 20721 | Lair:6   | Found a runed translucent gate.
 21316 | Lair:6   | Reached skill level 14 in Fighting
 21788 | Lair:6   | Noticed Rupert
 21875 | Lair:6   | Killed Rupert
 22668 | Lair:5   | Killed Tarias's ghost
 23082 | Lair:3   | Found a staircase to the Shoals.
 23255 | Lair:3   | Noticed Yroovet's ghost (journeyman TrFi)
 23256 | Lair:3   | Noticed Yroovet's ghost (journeyman TrFi)
 23256 | Lair:3   | Noticed Ynegoov's ghost (journeyman TrTm)
 23256 | Lair:3   | Noticed Ihumuem's ghost (journeyman DECj)
 23257 | Lair:3   | Noticed Avodethru's ghost (journeyman DEWz)
 23346 | Lair:2   | Demolished by Ynegoov's ghost

Levels and vault maps discovered:
D:1:      dpeg_arrival_round_a, layout_basic
D:2:      layout_basic, minmay_pentomino_pile, uniq_sigmund, uniq_terence,
          uniq_crazy_yiuf_cottage
D:3:      layout_basic, corner_web_ring
D:4:      layout_basic, lemuel_temple_firewalk_a, serial_shops, shop,
          gup_sewer_entry_bowl, first_ration, minmay_close_crescents, uniq_pikel
D:5:      layout_basic, nicolae_qazlal_style_of_elements, minmay_misc_feat_chi,
          uniq_ijyb
D:6:      layout_gridville
D:7:      layout_loops_ring, kennysheep_cluttered_room, st_stairs_7
D:8:      layout_gridville, minmay_diamond_spiral, uniq_harold, uniq_psyche,
          uniq_gastronok, uniq_prince_ribbit1
D:9:      cheibrodos_ideogram_h, layout_basic, erik_lair_dragon, serial_undead,
          serial_undead_d, serial_undead_e, serial_undead_d, serial_undead_a,
          hangedman_little_slice_of_home, hangedman_abyss_or_decor_stabs,
          trog_butcher_becter
D:10:     layout_roguey, chequers_serial_rivers_large_a, uniq_joseph
D:11:     layout_loops_ring, erik_orc_3, lemuel_mausoleum_altar_yredelemnul,
          uniq_erica, uniq_snorg
D:12:     layout_loops_cross, serial_shops, nicolae_shop_trees, shop_statue
D:13:     layout_small_grid, grunt_vaults_entry_tiered
D:14:     layout_rooms, uniq_kirke
D:15:     hangedman_depths_entry_civil_slaughter, layout_small_grid,
          enter_trove_6, minmay_misc_feat_iff
Temple:   regret_index_temple_sigil_plot
Lair:1:   layout_loops_ring, gauntlet_entry_generic, serial_bayou_shore_a,
          uniq_urug, uniq_fannar
Lair:2:   layout_cave_pods, lemuel_fruit_tree, serial_bayou_shore_b,
          infiniplex_staircase_pool_2, grunt_megastairs_1
Lair:3:   layout_big_grid, shoals_dummy_entry, gammafunk_ghost_cemetery
Lair:4:   layout_hall_layers, minmay_snake_entry_guardpost_small,
          grunt_megastairs_4, serial_bayou_shore_b, uniq_nessos
Lair:5:   layout_regular_city, dpeg_slime_entry_enclosed_altar,
          hellmonk_ghost_happy_afterlife, serial_bayou_shore_b,
          infiniplex_staircase_pool, grunt_megastairs_3
Lair:6:   minmay_lair_end_enchanted_forest, layout_cave_pods,
          gammafunk_ghost_split, special_room [special_room_mythical_zoo],
          uniq_rupert

Skill      XL: |  1  2  3  4  5  6  7  8  9 10 11 12 13 14 15 |
---------------+----------------------------------------------+-----
Short Blades   | 2 3 4 6 8 10 | 10.2
Stealth        | 5 6 7 |  7.1
Fighting       | 2 3 4 6 8 10 11 12 13 14 | 14.3
Dodging        | 1 3 5 6 7 9 |  9.3
Invocations    | 1 5 7 8 10 11 | 11.3
Armour         | 3 4 6 7 |  7.8
Long Blades    | 4 7 8 |  8.4
Throwing       | |  1.7

Action                   |  1- 3 |  4- 6 |  7- 9 | 10-12 | 13-15 || total
-------------------------+-------+-------+-------+-------+-------++-------
Melee: Dagger            |    88 |   153 |   540 |   314 |    39 ||  1134
       Bite              |    17 |    51 |   234 |   352 |   606 ||  1260
       Falchion          |       |       |    17 |   489 |   398 ||   904
       Whip              |       |       |       |    43 |     6 ||    49
       Scimitar          |       |       |       |     3 |    33 ||    36
       Rapier            |       |       |       |       |   859 ||   859
Throw: Dart              |     5 |     8 |     9 |    10 |     2 ||    34
       Throwing net      |       |       |       |     1 |     1 ||     2
Invok: Lesser Healing    |       |       |       |     8 |     6 ||    14
       Divine Protection |       |       |       |     1 |       ||     1
       Greater Healing   |       |       |       |     3 |     9 ||    12
Evoke: Wand              |       |       |     1 |    10 |       ||    11
       Lamp of fire      |       |       |       |     1 |       ||     1
       Fan of gales      |       |       |       |       |     1 ||     1
  Use: Potion            |     2 |       |       |     2 |     1 ||     5
       Scroll            |       |     6 |     1 |    19 |    12 ||    38
 Stab: Sleeping          |     7 |     7 |       |     3 |    11 ||    28
       Distracted        |       |       |       |     2 |       ||     2
       Petrifying        |       |       |       |       |     1 ||     1
  Eat: Chunk             |     1 |     5 |    12 |    19 |    25 ||    62
       Ration            |       |       |     1 |     1 |     3 ||     5
Armor: Robe              |    19 |       |       |       |       ||    19
       Ring mail         |    10 |    55 |    13 |       |       ||    78
       Chain mail        |       |       |   225 |   321 |       ||   546
       Quicksilver drago |       |       |       |    82 |   181 ||   263
       Scale mail        |       |       |       |       |   337 ||   337
Dodge: Dodged            |    40 |    63 |   135 |   368 |   959 ||  1565
       Rpst.: Falchion   |       |       |     3 |    62 |    83 ||   148
       Scimitar          |       |       |       |       |     5 ||     5

Table legend:
 A = Non-vault XP
 B = Vault XP
 C = Vault XP percentage of total XP
 D = Non-vault monster count
 E = Vault monster count
 F = Vault count percentage of total count
                 A         B        C        D         E       F
            +---------+---------+-------+---------+---------+-------
      Total |   70347 |   57160 |  44.8 |     431 |     249 |  36.6
            +---------+---------+-------+---------+---------+-------
        D:1 |      22 |       0 |   0.0 |      13 |       0 |   0.0
        D:2 |     136 |     305 |  69.2 |      27 |       6 |  18.2
        D:3 |     180 |       0 |   0.0 |      17 |       0 |   0.0
        D:4 |     407 |     698 |  63.2 |      18 |       5 |  21.7
        D:5 |     895 |      35 |   3.8 |      20 |       1 |   4.8
        D:6 |     268 |       0 |   0.0 |      15 |       0 |   0.0
        D:7 |     647 |       0 |   0.0 |      17 |       0 |   0.0
        D:8 |     384 |    2771 |  87.8 |       8 |       9 |  52.9
        D:9 |    3014 |    3084 |  50.6 |      31 |      46 |  59.7
       D:10 |    3138 |     610 |  16.3 |      33 |       2 |   5.7
       D:11 |    5271 |    2815 |  34.8 |      21 |      29 |  58.0
       D:12 |    5246 |       0 |   0.0 |      31 |       0 |   0.0
       D:13 |    8950 |   10638 |  54.3 |      27 |      27 |  50.0
       D:14 |    8592 |     178 |   2.0 |      27 |       1 |   3.6
       D:15 |     581 |       0 |   0.0 |       1 |       0 |   0.0
     Lair:1 |    2246 |    1824 |  44.8 |      10 |       2 |  16.7
     Lair:2 |    2992 |     252 |   7.8 |      11 |       2 |  15.4
     Lair:3 |    5427 |       0 |   0.0 |      22 |       0 |   0.0
     Lair:4 |    8829 |    2439 |  21.6 |      28 |       6 |  17.6
     Lair:5 |    4572 |    7142 |  61.0 |      20 |      12 |  37.5
     Lair:6 |    8550 |   19452 |  69.5 |      34 |      74 |  68.5
      Sewer |       0 |     139 | 100.0 |       0 |      17 | 100.0
   Gauntlet |       0 |    4778 | 100.0 |       0 |      10 | 100.0
            +---------+---------+-------+---------+---------+-------
